 Dungeon Crawl Stone Soup version 0.22-a0-422-g9628fc87f1 (webtiles) character file.

115 Kriby the Ducker (level 4, 0/23 HPs)
             Began as a Spriggan Gladiator on May 19, 2018.
             Slain by Grinder (5 damage)
             ... while paralysed by Grinder
             ... on level 3 of the Dungeon.
             The game lasted 00:02:27 (3231 turns).

Kriby the Ducker (Spriggan Gladiator)               Turns: 3231, Time: 00:02:28

Health: 0/23       AC:  2    Str: 11    XL:     4   Next: 68%
Magic:  5/5        EV:  4    Int:  9    God:
Gold:   96         SH:  0    Dex: 17    Spells: 3/3 levels left

rFire    + . .     SeeInvis +   a - +0 quarterstaff
rCold    + . .     Gourm    +   (shield currently unavailable)
rNeg     . . .     Faith    .   b - +0 robe
rPois    +         Spirit   .   c - +0 hat
rElec    +         Reflect  .   (no cloak)
rCorr    +         Harm     .   (gloves unavailable)
MR       .....                  (boots unavailable)
Stlth    ++........             i - amulet of the gourmand
HPRegen  0.07/turn              (no ring)
MPRegen  0.09/turn              (no ring)

@: paralysed, resistant, very quick
A: very small, unfitting armour, see invisible, herbivore, speed 3, slow
metabolism 2
a: no special abilities


You were on level 3 of the Dungeon.
You were hungry.

You visited 1 branch of the dungeon, and saw 3 of its levels.

You collected 96 gold pieces.

Inventory:

Hand Weapons
 a - a +0 quarterstaff (weapon)
Missiles
 d - 3 throwing nets (quivered)
Armour
 b - a +0 robe (worn)
 c - a +0 hat (worn)
Jewellery
 i - an amulet of the gourmand (around neck)
Scrolls
 e - 2 scrolls of enchant weapon {unknown}
 j - 3 scrolls of identify {unknown}
 k - a scroll of remove curse {unknown}
 l - a scroll of noise {unknown}
 m - a scroll of amnesia {unknown}
 p - a scroll of fog {unknown}
Potions
 o - a potion of flight {unknown}
Comestibles
 f - 2 rations {@e1}


   Skills:
 + Level 2.3 Fighting
 + Level 2.7 Staves
 - Level 2.0 Throwing
 * Level 6.1 Dodging
 + Level 2.3 Stealth


You had 3 spell levels left.
You didn't know any spells.
Your spell library was empty.

Dungeon Overview and Level Annotations

Branches:
Dungeon (3/15)

Altars:
Yredelemnul
The Shining One

Annotations:
D:3 Grinder


Innate Abilities, Weirdness & Mutations

You are very small and have problems with some larger weapons.
You are too small for most types of armour.
You have supernaturally acute eyesight. (SInv)
You are a herbivore.
You cover ground extremely quickly.
You need to consume almost no food.


Message History

* * * LOW HITPOINT WARNING * * *
You are too injured to fight recklessly!
You feel much better. Grinder hits you.
You writhe in agony.
It was a potion of curing.
You feel better. Grinder closely misses you.
You hit Grinder.
Grinder is heavily wounded.
Grinder hits you!
You writhe in agony.
You hit Grinder.
Grinder is severely wounded.
Grinder completely misses you.
You hit Grinder.
Grinder is severely wounded.
Grinder gestures at you.
You suddenly lose the ability to move!
Grinder gestures at you.
You shrug off the repeated paralysis!
Grinder hits you.
* * * LOW HITPOINT WARNING * * *
You writhe in agony.
You die...

........# ........#
#.#.#.# ........#
#.#.#.#
........######.#<#.#
............>#.#.#.#
#.#####.####.#.#.#.#
#.# ##......#.%.#.###
#.####....##.........#
.....'....''....@5...#
#.####....##.........#
#.# #....##.........#
#.# #....##........$#
#.# #....############
#.# ####... .## '....
# #$...


You could see Grinder.

Vanquished Creatures
  4 adders
  An ooze (D:2)
  2 worms (D:2)
  3 dart slugs
  2 leopard geckos
  9 bats
  4 giant cockroaches
  8 goblins
  10 hobgoblins
  A quokka (D:2)
  3 frilled lizards (D:2)
  4 kobolds
  9 rats
60 creatures vanquished.

Notes
Turn   | Place    | Note
-------+----------+-------------------------------------------
     0 | D:1      | Kriby the Spriggan Gladiator began the quest for the Orb.
     0 | D:1      | Reached XP level 1. HP: 10/10 MP: 2/2
    96 | D:1      | Reached XP level 2. HP: 15/15 MP: 3/3
   211 | D:1      | Reached skill level 5 in Dodging
   910 | D:1      | Reached skill level 1 in Stealth
  1335 | D:2      | Reached XP level 3. HP: 14/18 MP: 4/4
  2305 | D:2      | Reached XP level 4. HP: 21/23 MP: 5/5
  2459 | D:2      | Found a basalt altar of Yredelemnul.
  2461 | D:2      | Noticed a profane servitor
  2550 | D:2      | Found a glowing golden altar of the Shining One.
  2552 | D:2      | Noticed an angel
  2679 | D:3      | Reached skill level 6 in Dodging
  3203 | D:3      | Noticed Grinder
  3229 | D:3      | Paralysed by Grinder for 7 turns
  3231 | D:3      | Slain by Grinder

Vault maps used:
D:1:      minmay_arrival_diagonal_passages
D:2:      grunt_temple_overflow_holy_war, first_ration
D:3:      grunt_temple_overflow_lords_of_destruction, minmay_misc_feat_square,
          uniq_grinder

Skill      XL: |  1  2  3  4 |
---------------+-------------+-----
Dodging        | 5 6 |  6.1
Stealth        | 1 2 |  2.3
Fighting       | 2 |  2.3
Staves         | |  2.7
Throwing       | |  2.0

Action                   |  1- 3 |  4- 6 || total
-------------------------+-------+-------++-------
Melee: Quarterstaff      |   128 |    90 ||   218
  Use: Potion            |     2 |     3 ||     5
 Stab: Sleeping          |     3 |     5 ||     8
Armor: Robe              |    11 |     6 ||    17
Dodge: Dodged            |   143 |    77 ||   220

Table legend:
 A = Spawn XP
 B = Non-spawn XP
 C = Spawn XP percentage of total XP
 D = Spawn monster count
 E = Non-spawn monster count
 F = Spawn count percentage of total count
 G = Total turns spent on level
                    A         B        C        D         E        F      G
               +---------+---------+-------+---------+---------+-------+---------
         Total |       0 |     165 |   0.0 |       0 |      60 |   0.0 |  3231
               +---------+---------+-------+---------+---------+-------+---------
           D:1 |       0 |      37 |   0.0 |       0 |      21 |   0.0 |  1506
           D:2 |       0 |      85 |   0.0 |       0 |      28 |   0.0 |  1156
           D:3 |       0 |      43 |   0.0 |       0 |      11 |   0.0 |   569
               +---------+---------+-------+---------+---------+-------+---------
